 Dungeon Crawl Stone Soup version 0.19.5 (webtiles) character file.

79604 Jerry the Brawler (level 15, -6/153 HPs)
             Began as a Troll Monk on Apr 25, 2017.
             Was an Elder of Okawaru.
             Shot with an arrow by a centaur warrior (23 damage)
             ... on level 13 of the Dungeon.
             The game lasted 01:37:50 (19654 turns).

Jerry the Brawler (Troll Monk)                     Turns: 19654, Time: 01:37:50

Health: -6/153     AC: 15    Str: 23    XL:     15   Next: 21%
Magic:  15/16      EV: 18    Int: 13    God:    Okawaru [****..]
Gold:   1121       SH:  6    Dex: 18    Spells: 5 memorised, 2 levels left

rFire  . . .     SeeInvis .       - Unarmed
rCold  . . .     Gourm    +     T - +3 troll leather armour
rNeg   . . .     Faith    .     (no shield)
rPois  +         Spirit   .     f - +2 hat
rElec  .         Reflect  +     D - +0 cloak (curse)
rCorr  .         Harm     .     (gloves unavailable)
MR     +....                    (boots unavailable)
Stlth  ++........               c - amulet of Due Proportion {Reflect Int+4 Dex+4 SH+6}
                                G - ring of poison resistance
                                U - ring of wizardry

@: confusing touch (expiring), studying Armour
A: unfitting armour, claws 3, horns 1, repulsion field 1, fast metabolism 3,
gourmand, mutation resistance 1, regeneration 1, shaggy fur 1, tough skin 2
a: Heroism, Renounce Religion


You were on level 13 of the Dungeon.
You worshipped Okawaru.
Okawaru was greatly pleased with you.
You were very full.

You visited 4 branches of the dungeon, and saw 21 of its levels.
You also visited: Ice Cave.

You collected 2445 gold pieces.
You spent 1324 gold pieces at shops.

Inventory:

Hand Weapons
 Y - a +2 quarterstaff of draining
Armour
 f - a +2 hat (worn)
 D - a cursed +0 cloak (worn)
 N - +0 fire dragon scales
 T - a +3 troll leather armour (worn)
Jewellery
 c - the amulet of Due Proportion (around neck) {Reflect Int+4 Dex+4 SH+6}
   (You acquired it on level 4 of the Lair of Beasts)

   [amulet of reflection]

   It shields you and reflects attacks.
   It affects your intelligence (+4).
   It affects your dexterity (+4).
   It affects your SH (+6).
 i - an uncursed ring of resist corrosion
 G - a ring of poison resistance (right claw)
 O - an uncursed ring of flight
 U - a ring of wizardry (left claw)
Wands
 d - a wand of digging (18/24)
 e - a wand of slowing (16/48)
 m - a wand of acid (8/15)
 A - a wand of hasting (5/9)
 M - a wand of iceblast (5/15)
Scrolls
 k - a scroll of fear
 u - 7 scrolls of teleportation
 y - 2 scrolls of magic mapping
 B - 2 scrolls of recharging
 E - 4 scrolls of amnesia
 J - 2 scrolls of fog
 Q - 6 scrolls of blinking
 W - 4 scrolls of remove curse
Potions
 l - 4 potions of magic
 n - 5 potions of lignification
 o - a potion of heal wounds
 q - 2 potions of cancellation
 r - 2 potions of brilliance
 t - 2 potions of ambrosia
 v - 3 potions of agility
 x - 10 potions of curing
 F - 2 potions of berserk rage
 I - a potion of beneficial mutation
 L - 2 potions of invisibility
 P - a potion of resistance
 V - 2 potions of haste
 X - a potion of flight
Books
 j - a book of Changes

   Spells                             Type                      Level
   a - Beastly Appendage              Transmutation                1
   b - Sticks to Snakes               Transmutation                2
   c - Spider Form                    Transmutation/Poison         3
   d - Ice Form                       Ice/Transmutation            4
   e - Blade Hands                    Transmutation                5
 s - a manual of
Armour
 H - a book of the Earth

   Spells                             Type                      Level
   a - Leda's Liquefaction            Hexes/Earth                  4
   b - Bolt of Magma                  Conjuration/Fire/Earth       5
   c - Statue Form                    Transmutation/Earth          6
   d - Iron Shot                      Conjuration/Earth            6
   e - Shatter                        Earth                        9
Comestibles
 a - 5 chunks of flesh
 b - 13 bread rations
 g - 14 royal jellies
 h - 10 meat rations
 w - 10 beef jerkies
 K - 8 fruits
 Z - a slice of pizza


   Skills:
 + Level 11.0 Fighting
 + Level 10.2 Armour
 - Level 9.1 Dodging
 - Level 1.2 Stealth
 * Level 17.3 Unarmed Combat
 - Level 4.2 Hexes
 - Level 4.2 Necromancy
 + Level 3.1 Invocations


You had 2 spell levels left.
You knew the following spells:

 Your Spells              Type           Power        Failure   Level  Hunger
a - Confusing Touch       Hex            ##....       3%          1    ##.....
b - Animate Skeleton      Necr           N/A          3%          1    ##.....
c - Apportation           Tloc           #.........   14%         1    ##.....
d - Confuse               Hex            ##......     9%          3    ####...
e - Statue Form           Tmut/Erth      #........    100%        6    #######


Dungeon Overview and Level Annotations

Branches:
Dungeon (13/15)            Temple (1/1) D:7            Lair (6/6) D:11
  Swamp (0/4) Lair:2        Snake (0/4) Lair:4        Slime (1/5) Lair:5
    Orc (0/2) D:10         Vaults (0/5) D:13

Altars:
Ashenzari
Cheibriados
Dithmenos
Elyvilon
Fedhas
Gozag
Hepliaklqana
Kikubaaqudgha
Makhleb
Nemelex Xobeh
Okawaru
Qazlal
Ru
Sif Muna
Trog
Uskayaw
Vehumet
Xom
Yredelemnul
Zin
The Shining One

Shops:
D:4 :   D:10 [   D:11 [


Innate Abilities, Weirdness & Mutations

You are too large for most types of armour.
You have claws for hands.
Your metabolism is lightning-fast.
You like to eat raw meat.
Your natural rate of healing is unusually fast.
You are covered in fur. (AC +1)
You have very tough skin. (AC +2)
You have a pair of small horns on your head.
You are surrounded by a mild repulsion field. (EV +2)
You are somewhat resistant to further mutation.


Message History

The arrow completely misses the centaur warrior.
Casting: Confusing Touch
Confirm with . or Enter, or press ? or * to list all spells.
Your claws begin to glow red.
The centaur warrior shoots an arrow.
The arrow hits you!
* * * LOW HITPOINT WARNING * * *
The vault guard hits you with a long sword of slicing!!
* * * LOW HITPOINT WARNING * * *
x2 You scratch the vault guard but do no damage.
The vault guard blocks your attack.
The vault guard is lightly wounded.
The centaur warrior shoots an arrow.
The arrow closely misses you. The vault guard completely misses you.
You feel much better.
The centaur warrior shoots an arrow.
The arrow hits you!
* * * LOW HITPOINT WARNING * * *
You feel much better.
The vault guard hits you with a long sword of slicing!
* * * LOW HITPOINT WARNING * * *
x2 The centaur warrior shoots an arrow.
The arrow hits you!!
You die...

#....# #....#
#....+ #....#
# ######....#
#. #.........#
##.#
#.#####......
####...#####.#
#......
....c∩.@().((#
#......
####..p#######
#...... ##.#
#...... #.
.....# #


You could see a vault guard and a centaur warrior.

Vanquished Creatures
  The ghost of Sneal the Severer, an adept CeFi of the Shining One (IceCv)
  Nessos (Lair:6)
  Josephine (D:12)
  A fire dragon (Lair:4)
  7 vault guards (D:13)
  2 ice dragons (IceCv)
  2 catoblepae
  6 hydras
  3 centaur warriors
  A death yak (Lair:6)
  The ghost of grerr the Cleaver, a novice MiFi of Okawaru (D:9)
  A skeletal warrior (D:10)
  An unseen horror (D:12)
  A swamp dragon (Lair:2)
  5 hill giants
  A deep elf mage (D:11)
  An ugly thing (D:12)
  A cyclops (D:12)
  A centaur zombie (D:12)
  A salamander (Lair:4)
  2 ice statues (IceCv)
  6 black mambas
  Joseph (D:10)
  7 elephants
  14 spiny frogs
  12 rime drakes
  5 komodo dragons
  4 trolls
  9 polar bears (Lair:6)
  A two-headed ogre (D:11)
  2 hornets
  7 raiju (Lair:6)
  8 blink frogs
  14 hippogriffs
  A dream sheep (Lair:6)
  2 meliai zombies (D:12)
  5 wraiths
  9 wyverns
  52 yaks
  Eustachio (D:4)
  8 basilisks
  Grum (Lair:1)
  A hungry ghost (D:8)
  5 wargs (Lair:6)
  15 water moccasins
  2 hell hounds (Lair:6)
  9 porcupines
  13 black bears
  4 necrophages
  12 orc warriors
  15 ice beasts
  3 sky beasts
  2 phantoms
  8 ogres
  22 wolves
  9 centaurs
  20 crocodiles
  A big kobold (D:10)
  14 bullfrogs
  2 scorpions
  8 wights
  21 killer bees
  The ghost of McKennaii the Skirmisher, a weakling DsAK of Lugonu (D:3)
  5 howler monkeys
  5 electric eels
  6 crimson imps
  3 bullfrog zombies
  27 hounds
  6 orc priests
  2 centaur skeletons
  2 jellies (D:8)
  A gnoll shaman (D:6)
  A bullfrog skeleton (D:12)
  12 orc wizards
  4 iguanas
  9 worker ants
  A hound zombie (D:8)
  A howler monkey zombie (D:6)
  2 worker ant zombies
  16 adders
  8 gnolls (D:6)
  3 river rats (D:11)
  3 shadow imps
  2 worms
  2 dart slugs
  4 leopard geckos
  62 orcs
  9 bats
  5 giant cockroaches
  4 goblins
  5 hobgoblins
  15 jackals
  7 quokkas
  A ball python skeleton (D:4)
  8 frilled lizards
  A jackal zombie (D:8)
  10 kobolds
  A quokka skeleton (D:8)
  A quokka zombie (D:8)
  16 rats
667 creatures vanquished.

Vanquished Creatures (collateral kills)
  Snorg (Lair:5)
  2 hydras (Lair:6)
  A hill giant (D:13)
  A manticore (Lair:6)
  2 elephants (Lair:2)
  3 spiny frogs
  3 rime drakes
  2 komodo dragons
  A raiju (Lair:6)
  6 blink frogs
  3 yaks
  A wyvern (Lair:4)
  2 basilisks
  5 water moccasins
  A black bear (Lair:6)
  An ice beast (IceCv)
  2 wolves (Lair:5)
  2 necrophages (Lair:2)
  A centaur (D:12)
  A ball python (Lair:4)
  6 fungi
47 creatures vanquished.

Vanquished Creatures (others)
  A wolf (Lair:6)
  A kobold (D:10)
  7 fungi
  14 plants
23 creatures vanquished.

Grand Total: 737 creatures vanquished

Notes
Turn   | Place    | Note
-------+----------+-------------------------------------------
     0 | D:1      | Jerry the Troll Monk began the quest for the Orb.
     0 | D:1      | Reached XP level 1. HP: 22/22 MP: 0/0
    69 | D:1      | Reached XP level 2. HP: 27/29 MP: 1/1
   918 | D:2      | Reached XP level 3. HP: 27/36 MP: 2/2
  1340 | D:2      | Reached skill level 4 in Unarmed Combat
  1585 | D:3      | Noticed McKennaii's ghost (weakling DsAK)
  1820 | D:3      | Reached XP level 4. HP: 44/44 MP: 3/3
  1925 | D:3      | Killed McKennaii's ghost
  2180 | D:4      | Reached XP level 5. HP: 42/53 MP: 4/4
  2298 | D:4      | Found an ancient bone altar of Kikubaaqudgha.
  2315 | D:4      | Noticed Eustachio
  2327 | D:4      | Killed Eustachio
  2327 | D:4      | Reached skill level 1 in Armour
  2327 | D:4      | Reached skill level 5 in Unarmed Combat
  2327 | D:4      | Reached XP level 6. HP: 48/61 MP: 5/5
  2434 | D:4      | Found Yzijiof's Book Shop.
  2752 | D:5      | Entered Level 5 of the Dungeon
  2757 | D:5      | Learned a level 1 spell: Confusing Touch
  2759 | D:5      | Learned a level 1 spell: Animate Skeleton
  2761 | D:5      | Learned a level 1 spell: Apportation
  2805 | D:5      | Reached XP level 7. HP: 59/67 MP: 4/6
  2854 | D:5      | Reached skill level 6 in Unarmed Combat
  2939 | D:5      | Found a radiant altar of Vehumet.
  2998 | D:5      | Gained mutation: You have a pair of small horns on your head. [mutagenic meat]
  2999 | D:5      | Gained mutation: Your magical capacity is low. (-10% MP) [mutagenic meat]
  3000 | D:5      | Gained mutation: Armour fits poorly on your strangely shaped body. [mutagenic meat]
  3001 | D:5      | Gained mutation: You are surrounded by a mild repulsion field. (EV +2) [mutagenic meat]
  3003 | D:5      | Lost mutation: Your magical capacity is low. (-10% MP) [mutagenic meat]
  3195 | D:5      | Reached XP level 8. HP: 78/78 MP: 7/7
  3421 | D:6      | Reached skill level 7 in Unarmed Combat
  3531 | D:6      | Found a radiant altar of Vehumet.
  3834 | D:6      | Found a burning altar of Makhleb.
  3834 | D:6      | Found a hazy altar of Hepliaklqana.
  3836 | D:6      | Found a sacrificial altar of Ru.
  3837 | D:6      | Found a deep blue altar of Sif Muna.
  3838 | D:6      | Found a bloodstained altar of Trog.
  4008 | D:6      | Reached skill level 8 in Unarmed Combat
  4271 | D:6      | Reached skill level 5 in Dodging
  4456 | D:7      | Gained mutation: You are somewhat resistant to further mutation. [potion of mutation]
  4472 | D:7      | Reached XP level 9. HP: 87/87 MP: 8/8
  4536 | D:7      | Reached skill level 5 in Fighting
  4665 | D:7      | Reached skill level 1 in Necromancy
  4966 | D:7      | Reached skill level 1 in Hexes
  4976 | D:7      | Found a staircase to the Ecumenical Temple.
  5025 | Temple   | Entered the Ecumenical Temple
  5460 | D:7      | Reached skill level 9 in Unarmed Combat
  5964 | D:8      | Noticed a hill giant
  5968 | D:8      | Killed a hill giant
  5968 | D:8      | Reached XP level 10. HP: 97/97 MP: 9/9
  6792 | D:9      | Found a radiant altar of Vehumet.
  6873 | D:9      | Noticed grerr's ghost (novice MiFi)
  6927 | D:9      | Reached skill level 10 in Unarmed Combat
  7420 | D:9      | Killed grerr's ghost
  8002 | D:10     | Entered Level 10 of the Dungeon
  8323 | D:10     | Found a blossoming altar of Fedhas.
  8376 | D:10     | Reached XP level 11. HP: 81/106 MP: 10/10
  8629 | D:10     | Noticed a skeletal warrior
  8637 | D:10     | Reached skill level 11 in Unarmed Combat
  8694 | D:10     | Lost mutation: Armour fits poorly on your strangely shaped body. [mutagenic meat]
  8819 | D:10     | Noticed a hill giant
  9010 | D:10     | Killed a hill giant
  9098 | D:10     | Killed a skeletal warrior
  9247 | D:10     | Found Hofud's Armour Shoppe.
  9249 | D:10     | Found a staircase to the Orcish Mines.
  9279 | D:10     | Noticed Joseph
  9344 | D:10     | Killed Joseph
  9894 | D:11     | Noticed a hill giant
  9900 | D:11     | Killed a hill giant
 10011 | D:11     | Found a shadowy altar of Dithmenos.
 10011 | D:11     | Noticed a deep elf mage
 10023 | D:11     | Killed a deep elf mage
 10072 | D:11     | Found Qorhinw Gayk's Armour Shoppe.
 10155 | D:11     | Found a staircase to the Lair.
 10486 | Lair:1   | Entered Level 1 of the Lair of Beasts
 10539 | Lair:1   | Noticed a seven-headed hydra
 10726 | Lair:1   | Reached skill level 12 in Unarmed Combat
 10833 | Lair:1   | Noticed a six-headed hydra
 10840 | Lair:1   | Killed a six-headed hydra
 10865 | Lair:1   | Reached XP level 12. HP: 98/118 MP: 11/11
 11321 | Lair:1   | Noticed Grum
 11343 | Lair:1   | Killed Grum
 11447 | Lair:1   | Learned a level 3 spell: Confuse
 11649 | Lair:2   | Found a staircase to the Swamp.
 11657 | Lair:2   | Reached skill level 13 in Unarmed Combat
 13134 | Lair:4   | Found a staircase to the Snake Pit.
 13161 | Lair:4   | Reached skill level 14 in Unarmed Combat
 13351 | Lair:4   | Found a frozen archway.
 13358 | IceCv    | Entered an ice cave
 13364 | IceCv    | Reached XP level 13. HP: 128/128 MP: 12/12
 13462 | IceCv    | Noticed Sneal's ghost (adept CeFi)
 13491 | IceCv    | HP: 4/128 [Sneal's ghost (5)]
 13500 | IceCv    | Killed Sneal's ghost
 13994 | IceCv    | Got a transparent amethyst amulet
 13995 | IceCv    | Identified the amulet "Lefacuil" {Harm *Drain Int+3} (You found it in an ice cave)
 14377 | D:4      | Bought a manual of Armour for 1324 gold pieces
 14929 | Lair:4   | Reached skill level 5 in Armour
 14986 | Lair:4   | Reached skill level 15 in Unarmed Combat
 15312 | Lair:4   | Noticed a fire dragon
 15334 | Lair:4   | Killed a fire dragon
 15414 | Lair:4   | Identified a scroll of acquirement
 15415 | Lair:4   | Got a brightly glowing steel amulet
 15416 | Lair:4   | Identified the amulet of Due Proportion {Reflect Int+4 Dex+4 SH+6} (You acquired it on level 4 of the Lair of Beasts)
 16050 | Lair:5   | Found a staircase to the Slime Pits.
 16106 | Lair:5   | Noticed Snorg
 16127 | Lair:5   | Killed Snorg
 16446 | Slime:1  | Entered Level 1 of the Pits of Slime
 16446 | Slime:1  | Noticed an acid blob
 16446 | Slime:1  | Noticed an acid blob
 16446 | Slime:1  | Noticed an acid blob
 16466 | Lair:6   | Entered Level 6 of the Lair of Beasts
 16606 | Lair:6   | Reached XP level 14. HP: 126/141 MP: 13/13
 16730 | Lair:6   | Reached skill level 10 in Fighting
 17036 | Lair:6   | Reached skill level 16 in Unarmed Combat
 17195 | Lair:6   | Noticed Nessos
 17218 | Lair:6   | Killed Nessos
 18231 | Lair:6   | Learned a level 6 spell: Statue Form
 18464 | Temple   | Became a worshipper of Warmaster Okawaru
 18464 | Temple   | Reached * piety under Okawaru
 18464 | Temple   | Reached ** piety under Okawaru
 18675 | D:12     | Reached skill level 1 in Invocations
 19033 | D:12     | Reached *** piety under Okawaru
 19099 | D:12     | Reached skill level 17 in Unarmed Combat
 19210 | D:12     | Noticed Josephine
 19215 | D:12     | Killed Josephine
 19301 | D:12     | Reached XP level 15. HP: 149/152 MP: 15/15
 19475 | D:13     | Reached skill level 10 in Armour
 19566 | D:13     | Found a gate to the Vaults.
 19602 | D:13     | Reached **** piety under Okawaru
 19651 | D:13     | HP: 3/153 [vault guard/long sword of slicing (6)]
 19654 | D:13     | Shot with an arrow by a centaur warrior

Skill      XL: |  1  2  3  4  5  6  7  8  9 10 11 12 13 14 15 |
---------------+----------------------------------------------+-----
Unarmed Combat | 4 5 6 8 9 10 12 14 15 17 | 17.3
Fighting       | 3 4 5 6 7 8 9 10 11 | 11.0
Dodging        | 3 4 5 6 7 8 9 |  9.1
Armour         | 1 2 3 4 7 9 10 | 10.2
Necromancy     | 2 4 |  4.2
Hexes          | 1 2 4 |  4.2
Invocations    | 2 3 |  3.1
Stealth        | |  1.2

Action                   |  1- 3 |  4- 6 |  7- 9 | 10-12 | 13-15 || total
-------------------------+-------+-------+-------+-------+-------++-------
Melee: Unarmed           |   100 |    77 |   395 |   735 |   861 ||  2168
       Punch             |       |     2 |    16 |    41 |    86 ||   145
       Headbutt          |       |       |    64 |   183 |   256 ||   503
       Quarterstaff      |       |       |       |    36 |    17 ||    53
 Fire: Hunting sling     |     5 |       |       |    17 |       ||    22
 Cast: Confusing Touch   |       |       |     1 |     3 |    19 ||    23
       Animate Skeleton  |       |       |       |    44 |    94 ||   138
 Abil: Evoke Flight      |       |       |       |       |     1 ||     1
Evoke: Wand              |       |       |       |     8 |    17 ||    25
  Use: Scroll            |       |       |    20 |    10 |    17 ||    47
       Potion            |       |       |     2 |     2 |     5 ||     9
 Stab: Sleeping          |     3 |     2 |     6 |     3 |     5 ||    19
       Distracted        |       |       |     1 |     1 |     9 ||    11
       Confused          |       |       |       |     3 |    14 ||    17
       Petrifying        |       |       |       |       |     2 ||     2
  Eat: Chunk             |    22 |     9 |    35 |    82 |    62 ||   210
       Royal jelly       |       |       |       |     1 |       ||     1
       Pizza             |       |       |       |     1 |       ||     1
Armor: Robe              |    53 |    27 |    98 |    34 |       ||   212
       Troll leather arm |       |       |       |   141 |   237 ||   378
Dodge: Dodged            |    57 |    28 |   265 |   530 |   586 ||  1466
Block: Other             |       |       |       |       |   159 ||   159
       Reflection        |       |       |       |       |    10 ||    10
